 Dungeon Crawl Stone Soup version 0.31.0-32-g396128a36d (webtiles) character file.

Game seed: 945398003691974368

200 firemarshallily the Covered (level 5, 0/69 HPs)
             Began as an Armataur Fighter on Mar 11, 2024.
             Slain by a gnoll
             ... wielding a +0 halberd
              (12 damage)
             ... on level 4 of the Dungeon.
             The game lasted 00:05:51 (2802 turns).

firemarshallily the Covered (Armataur Fighter)      Turns: 2802, Time: 00:05:52

Health: 0/69       AC: 22    Str: 20 (23) XL:     5   Next: 48%
Magic:  5/5        EV:  1    Int:  8 (9)  God:
Gold:   102        SH:  4    Dex:  7 (9)  Spells: 4/4 levels left

rFire   . . .        t - +1 flail (drain)
rCold   . . .        c - +0 buckler
rNeg    . . .        v - melded +2 scale mail {rF+}
rPois   +            k - melded +0 helmet
rElec   .            (cloak currently unavailable)
rCorr   .            h - melded +0 pair of gloves
SInv    .            (no barding)
Will    .....        (no amulet)
Stlth   +            (no ring)
HPRegen 0.31/turn    (no ring)
MPRegen 0.09/turn

%: roll
@: mighty, tree-form (expiring)
A: stationary, stasis, torment immunity, boosted hp, large, (deformed body),
(tough skin 3), (armoured tail), roll 1
a: no special abilities


You were on level 4 of the Dungeon.
You were a tree.
You visited 1 branch of the dungeon, and saw 4 of its levels.

You collected 102 gold pieces.

Inventory:

Hand Weapons
 a - a +0 flail
 t - a +1 flail of draining (weapon)
Missiles
 b - 3 atropa-tipped darts
 l - 6 poisoned darts (quivered)
 y - 3 boomerangs
Armour
 c - a +0 buckler (worn)
 h - a +0 pair of gloves (melded)
 k - a +0 helmet (melded)
 v - a +2 scale mail of fire resistance (melded)
Wands
 j - a wand of iceblast (8)
 u - a wand of polymorph (9)
Scrolls
 e - a scroll of poison {unknown}
 f - a scroll of immolation {unknown}
 g - 3 scrolls of identify {unknown}
 i - a scroll of blinking {unknown}
 m - a scroll of fear {unknown}
 q - a scroll of teleportation {unknown}
 w - a scroll of revelation {unknown}
 x - a scroll of brand weapon {unknown}
 B - a scroll of enchant weapon {unknown}
Potions
 A - a potion of resistance


   Skills:
 * Level 4.2 Fighting
 + Level 2.7 Maces & Flails
 + Level 4.6 Armour
 + Level 4.2 Shields


You had 4 spell levels left.
You didn't know any spells.
Your spell library was empty.

Dungeon Overview and Level Annotations

Branches:
Dungeon (4/15)
 Temple: D:4-7

Altars:
Gozag
Makhleb
Okawaru


Innate Abilities, Weirdness & Mutations

You are a tree.
Your roots penetrate the ground, keeping you stationary.
You cannot be teleported.
You are immune to unholy pain and torment.
Your maximum health is greatly increased.
Your equipment is partially melded.
((Armour fits poorly on your strangely shaped body.))
((You have extremely tough skin. (AC +3)))
((You have a long armoured tail.))
You regenerate magic when rolling toward enemies. (Rampage MPRegen)


Message History

The gnoll hits you but does no damage. The gnoll hits you with a +0 halberd.
* * * LOW HITPOINT WARNING * * *
The kobold hits you but does no damage.
The orc wizard casts a spell.
The orc wizard flickers and vanishes!
You barely miss something. The gnoll completely misses you.
Something hits you but does no damage. The gnoll hits you but does no damage.
The kobold hits you but does no damage. The giant cockroach barely misses you.
The gnoll hits you but does no damage. The kobold hits you but does no damage.
Something hits you but does no damage. The gnoll hits you with a +0 whip.
* * * LOW HITPOINT WARNING * * *
Unknown command.
You barely miss the gnoll.
Your transformation is almost over.
You feel less confused. The giant cockroach bites you.
* * * LOW HITPOINT WARNING * * *
The gnoll hits you but does no damage. x2; The kobold barely misses you.
Something hits you but does no damage.
The giant cockroach bites you but does no damage.
You barely miss the gnoll.
The gnoll is severely wounded.
The gnoll hits you with a +0 whip.
* * * LOW HITPOINT WARNING * * *
The gnoll hits you but does no damage. Something hits you.
* * * LOW HITPOINT WARNING * * *
The giant cockroach bites you but does no damage.
You barely miss the gnoll.
The gnoll is severely wounded.
You block the giant cockroach's attack. Something hits you but does no damage.
The gnoll hits you but does no damage. x2
The kobold hits you but does no damage. You block the giant cockroach's attack.
The gnoll hits you but does no damage. The kobold hits you but does no damage.
The gnoll hits you but does no damage. Something hits you but does no damage.
You catch the helpless gnoll completely off-guard!
You sock the gnoll!
You kill the gnoll!
You flicker back into view.
The giant cockroach bites you but does no damage.
Something hits you but does no damage. The gnoll hits you with a +0 halberd!
You die...

....# #...#
#...# #...##
#.... .
######...####..
......).B......
......)♣g......
......))K[.....
######...#####.#
#.........#
#..†#####..
#...# ##### #.#
##...###...#
#.####
#.......<..##
####.##.##
##..........#


You could see a gnoll, a giant cockroach and a kobold.

Vanquished Creatures
  2 orc priests
  3 gnolls (D:4)
  2 adders (D:2)
  6 ribbon worms
  19 orcs
  5 endoplasms
  2 giant cockroaches
  4 goblins
  5 hobgoblins
  8 kobolds
  4 quokkas
  2 ball pythons
  3 frilled lizards
  3 rats (D:2)
68 creatures vanquished.

Notes
Turn   | Place    | Note
-------+----------+-------------------------------------------
     0 | D:1      | firemarshallily the Armataur Fighter began the quest for
                  | the Orb.
     0 | D:1      | Reached XP level 1. HP: 18/18 MP: 1/1
   301 | D:1      | Reached XP level 2. HP: 18/25 MP: 2/2
   844 | D:1      | Found a faded altar of an unknown god.
  1229 | D:2      | Reached XP level 3. HP: 31/31 MP: 3/3
  2083 | D:2      | Reached XP level 4. HP: 29/34 MP: 4/4
  2450 | D:3      | Found an opulent altar of Gozag.
  2451 | D:3      | Found an iron altar of Okawaru.
  2451 | D:3      | Found a burning altar of Makhleb.
  2750 | D:4      | Reached XP level 5. HP: 38/46 MP: 5/5
  2793 | D:4      | HP: 3/69 [gnoll/+0 halberd (6)]
  2802 | D:4      | Slain by a gnoll

Illustrated notes

Levels and vault maps discovered:
D:1:      zelgadis_glass_arrival_small, layout_loops_ring,
          shapermc_ecumenical_altar_hornbeckon, minmay_misc_feat_cross,
          st_stairs_7, chequers_big_river
D:2:      layout_loops_ring, kennysheep_generic_room_15
D:3:      layout_loops_cross, chequers_temple_overflow_statue_of_worship,
          minivault_24
D:4:      layout_loops_cross, uniq_edmund

Skill      XL: |  1  2  3  4 |
---------------+-------------+-----
Fighting       | 3 4 |  4.2
Maces & Flails | 2 |  2.7
Armour         | 4 |  4.6
Shields        | 4 |  4.2

Action                     |  1- 3 |  4- 6 || total
---------------------------+-------+-------++-------
  Melee: Flail             |   111 |    87 ||   198
         Tailslap          |    15 |     5 ||    20
    Use: Potion            |       |     9 ||     9
   Stab: Invisible         |       |     1 ||     1
 Armour: Scale mail        |    73 |    98 ||   171
         Skin              |       |   201 ||   201
  Dodge: Dodged            |    36 |    52 ||    88
  Block: Buckler           |    10 |    43 ||    53
